 Dungeon Crawl Stone Soup version 0.26.0-16-gc1dbca0489 (webtiles) character file.

Game seed: 11824547174693707478

130157 Strat the Bludgeoner (level 16, -4/133 HPs)
             Began as a Demonspawn Abyssal Knight on Jan 21, 2021.
             Was the Champion of Lugonu.
             Slain by a bunyip (17 damage)
             ... while paralysed by a fenstrider witch
             ... on level 4 of the Swamp.
             The game lasted 01:24:01 (43274 turns).

Strat the Bludgeoner (Demonspawn Abyssal Knight)   Turns: 43274, Time: 01:24:01

Health: -4/133     AC: 26    Str: 18    XL:     16   Next: 52%
Magic:  27/27      EV:  2    Int: 14    God:    Lugonu [******]
Gold:   3604       SH:  0    Dex: 18    Spells: 15/15 levels left

rFire    . . .     SeeInvis +   n - +1 eveningstar (drain)
rCold    + + .     Faith    .   I - +0 buckler
rNeg     + + .     Spirit   .   L - +6 scale mail "Laresiepp" {rPois rC++ Int+3}
rPois    +         Reflect  +   R - +2 hat {SInv}
rElec    +         Harm     .   T - +1 cloak of Starlight {*Dazzle EV+4 Stlth--}
rCorr    .         Rampage  .   (gloves unavailable)
Will     +....                  H - +2 pair of boots
Stlth    ..........             Y - amulet of Anahominn {Reflect rN+ Int-2 Dex+3 SH+5}
HPRegen  0.32/turn              P - ring of Vubuw {rElec rN+ AC+4}
MPRegen  0.20/turn              u - +4 ring of evasion

@: paralysed, lethally poisoned (-4 -> -8), very slow
A: antennae 2, claws 3, talons 2, demonic guardian 2, powered by pain 1
a: Renounce Religion, Depart the Abyss, Bend Space, Banish, Corrupt, Enter the
Abyss, Brand Weapon With Distortion


You were on level 4 of the Swamp.
You worshipped Lugonu.
Lugonu was exalted by your worship.
You visited 4 branches of the dungeon, and saw 27 of its levels.
You visited the Abyss 1 time.
You also visited: Ossuary and Volcano.

You collected 4414 gold pieces.
You spent 810 gold pieces at shops.

Inventory:

Hand Weapons
 n - a +1 eveningstar of draining (weapon)
Missiles
 c - 927 stones
 l - 8 throwing nets
 m - 27 boomerangs (quivered)
 t - 8 silver javelins
 v - 7 atropa-tipped darts
 F - 31 poisoned darts
 Q - 2 boomerangs of dispersal
 Z - 9 curare-tipped darts
Armour
 H - a +2 pair of boots (worn)
 I - a +0 buckler (worn)
 L - the +6 scale mail "Laresiepp" (worn) {rPois rC++ Int+3}
   (You found it on level 10 of the Dungeon)

   It affects your intelligence (+3).
   It greatly protects you from cold.
   It protects you from poison.
 R - a +2 hat of see invisible (worn)
 T - the +1 cloak of Starlight (worn) {*Dazzle EV+4 Stlth--}
   (You found it on level 1 of the Lair of Beasts)

   It affects your evasion (+4).
   It makes you much less stealthy.
Jewellery
 o - an uncursed ring of willpower
 u - a +4 ring of evasion (right claw)
 E - an uncursed ring of protection from cold
 J - an uncursed ring of resist corrosion
 P - the ring of Vubuw (left claw) {rElec rN+ AC+4}
   (You bought it in a shop on level 2 of the Orcish Mines)

   [ring of protection]

   It affects your AC (+4).
   It insulates you from electricity.
   It protects you from negative energy.
 Y - the amulet of Anahominn (around neck) {Reflect rN+ Int-2 Dex+3 SH+5}
   (You took it off an orc warlord on level 2 of the Orcish Mines)

   [amulet of reflection]

   It shields you and reflects attacks.
   It affects your intelligence (-2).
   It affects your dexterity (+3).
   It protects you from negative energy.
   It affects your SH (+5).
Wands
 s - a wand of digging (2)
 w - a wand of disintegration (11)
 G - a wand of polymorph (31)
 K - a wand of paralysis (14)
 S - a wand of enslavement (6)
 W - a wand of iceblast (13)
Scrolls
 b - 8 scrolls of remove curse
 g - 8 scrolls of magic mapping
 j - 3 scrolls of amnesia
 k - a scroll of fog
 q - 7 scrolls of teleportation
 B - a scroll of summoning
 M - 12 scrolls of identify
 O - 4 scrolls of blinking
 U - 3 scrolls of fear
Potions
 a - a potion of heal wounds
 e - a potion of magic
 f - 2 potions of cancellation
 h - 6 potions of flight
 i - 2 potions of haste
 z - 6 potions of brilliance
 C - 11 potions of curing
 D - 3 potions of might
 N - 2 potions of mutation
 X - a potion of ambrosia


   Skills:
 + Level 14.1 Fighting
 - Level 16.0 Maces & Flails
 - Level 10.0 Armour
 - Level 10.0 Dodging
 - Level 5.0 Shields
 + Level 15.7 Invocations


You had 15 spell levels left.
You didn't know any spells.
Your spell library contained the following spells:

 Spells                   Type           Power        Failure   Level
 Beastly Appendage        Tmut           0%           58%         1
 Freeze                   Ice            0%           58%         1
 Magic Dart               Conj           0%           58%         1
 Sting                    Tmut/Pois      0%           58%         1
 Blink                    Tloc           N/A          75%         2
 Call Imp                 Summ           0%           75%         2
 Passwall                 Tmut/Erth      0%           75%         2
 Poisonous Vapours        Pois/Air       0%           75%         2
 Searing Ray              Conj           0%           75%         2
 Slow                     Hex            0%           75%         2
 Wereblood                Tmut           0%           75%         2
 Conjure Flame            Conj/Fire      0%           92%         3
 Dazzling Flash           Conj/Hex       0%           92%         3
 Frozen Ramparts          Ice            0%           92%         3
 Gell's Gravitas          Tloc           0%           92%         3
 Ignite Poison            Fire/Tmut/Pois 0%           92%         3
 Mephitic Cloud           Conj/Pois/Air  0%           92%         3
 Ozocubu's Armour         Ice            0%           92%         3
 Portal Projectile        Hex/Tloc       0%           92%         3
 Spider Form              Tmut/Pois      0%           92%         3
 Cause Fear               Hex            0%           100%        4
 Fulminant Prism          Conj/Hex       0%           100%        4
 Hailstorm                Conj/Ice       0%           100%        4
 Ice Form                 Ice/Tmut       0%           100%        4
 Iskenderun's Mystic Bla  Conj/Tloc      0%           100%        4
 Olgreb's Toxic Radiance  Pois           0%           100%        4
 Summon Ice Beast         Ice/Summ       0%           100%        4
 Blade Hands              Tmut           0%           100%        5
 Fireball                 Conj/Fire      0%           100%        5
 Silence                  Hex/Air        0%           100%        5
 Yara's Violent Unravell  Hex/Tmut       0%           100%        5
 Dispersal                Tloc           0%           100%        6
 Starburst                Conj/Fire      0%           100%        6
 Discord                  Hex            0%           100%        8
 Disjunction              Tloc           0%           100%        8
 Ignition                 Fire           0%           100%        8


Dungeon Overview and Level Annotations

Branches:
Dungeon (15/15)            Temple (0/1) D:6            Lair (6/6) D:9
  Swamp (4/4) Lair:4        Snake (0/4) Lair:4        Slime (0/5) Lair:6
    Orc (2/2) D:9             Elf (0/3) Orc:2        Vaults (0/5) D:13
 Depths (0/5) D:15        Ossuary (visited)         Volcano (visited)

Altars:
Cheibriados
Fedhas
Gozag
Hepliaklqana
Kikubaaqudgha
Okawaru
Qazlal
Ru
Sif Muna
Trog
Wu Jian
Xom
Yredelemnul
The Shining One

Shops:
D:6 =   D:10 *   D:12 !   Orc:2 (=![:

Portals:
Trove: D:15 (give 6 scrolls of blinking)

Annotations:
D:6 3 runed translucent doors, exclusion: oklob plant, Gadfly's ghost, novice DsMo
Lair:1 exclusion: 2 oklob plants
Lair:2 3 runed translucent doors, XxsatanxX's ghost, journeyman TrMo
Orc:2 Saint Roka


Innate Abilities, Weirdness & Mutations

You have a pair of antennae on your head.
You have claws for hands.
You have razor-sharp toenails.
A demonic guardian rushes to your aid.
You sometimes gain a little power by taking damage.


Message History

* * * LOW HITPOINT WARNING * * *
The fenstrider witch kicks you!
* * * LOW HITPOINT WARNING * * *
Your orange demon completely misses the fenstrider witch.
Your orange demon misses the fenstrider witch.
The fenstrider witch hits you but does no damage.
The fenstrider witch kicks you!
* * * LOW HITPOINT WARNING * * *
Your orange demon stings the fenstrider witch.
Your orange demon misses the fenstrider witch.
The fenstrider witch casts a spell at you.
The toxic sludge hits you!
You are poisoned.
You partially resist.
* * * LOW HITPOINT WARNING * * *
Splash!
You fall into the toxic bog.
Moving in this stuff is going to be slow.
The bunyip claws you!
You die...

.≈≈.≈♣♣≈≈ ♣♣..≈≈≈≈.♣♣♣
≈≈...♣ . ♣..)≈≈≈..♣
≈...≈♣ ♣.≈)§≈.♣♣♣♣♣
≈≈≈♣♣≈ ≈ ♣≈≈≈≈≈.♣♣≈≈♣♣
≈≈♣ ♣♣§§≈≈..≈♣≈≈♣♣ .≈≈.♣
♣♣≈≈♣.≈≈.♣≈.♣♣ .≈≈..≈
♣≈♣♣≈≈≈≈≈...♣
♣≈..♣♣♣♣♣♣♣♣≈≈≈≈≈≈..♣
♣♣≈..x@.♣♣♣ ♣≈≈≈≈≈≈.♣♣
♣≈...H≈...♣♣♣...≈≈≈♣♣
♣...≈4≈≈≈.♣♣≈♣♣♣..♣♣
♣♣≈.≈≈≈≈≈.♣♣♣♣♣♣.♣♣
.≈≈≈≈≈≈≈..♣♣♣≈♣♣≈♣♣
≈.≈≈≈≈≈≈≈..♣♣...≈..♣
§≈≈≈≈§≈≈≈.≈♣♣≈≈≈≈≈.♣♣
...≈≈≈§≈≈≈..≈≈≈≈§...♣♣♣♣
♣..♣.≈≈≈.≈.≈§≈≈≈..≈..≈♣


You could see a bunyip, a fenstrider witch and a friendly orange demon
(summoned).

Vanquished Creatures
  A fenstrider witch (Swamp:2)
  Louise (Swamp:4)
  2 orc warlords (Orc:2)
  The ghost of Jacimip the Whirler, a journeyman HaHu of Okawaru (Swamp:3)
  3 bunyips
  Snorg (D:14)
  2 eleionomae
  An ettin (D:15)
  Josephine (Orc:1)
  4 ogre magi (Orc:2)
  A ghost crab (Swamp:4)
  13 hydras
  4 centaur warriors
  An anaconda (Swamp:3)
  4 alligators
  15 two-headed ogres
  A merfolk avatar (Lair:6)
  5 death yaks (Lair:5)
  A vampire mage (Swamp:2)
  Sonja (Lair:3)
  3 goliath frogs
  An unseen horror (D:15)
  A spriggan druid (Swamp:3)
  5 bog bodies
  A lindwurm (Lair:3)
  8 ugly things
  A harpy (Lair:6)
  An orc knight (Orc:1)
  2 orc sorcerers
  3 manticores
  3 elephants (Lair:6)
  6 deep elf magi
  2 will-o-the-wisps
  8 black mambas
  A cyclops (D:12)
  4 molten gargoyles
  Maurice (Orc:2)
  13 cane toads
  A smoke demon (Volcano)
  5 rime drakes
  2 gargoyles (D:13)
  An efreet (D:11)
  A kobold demonologist (D:13)
  14 komodo dragons
  3 yaktaurs (D:15)
  A redback zombie (D:15)
  2 tengu conjurers
  A red devil (Volcano)
  2 polar bears
  2 trolls (Orc:1)
  9 tyrant leeches
  A raiju (shapeshifter) (D:15)
  5 slime creatures
  9 blink frogs
  4 dream sheep (Lair:5)
  6 hornets
  A spriggan (shapeshifter) (D:14)
  3 spriggans (Swamp:4)
  8 wraiths
  2 hogs (Lair:6)
  7 wyverns
  A basilisk (Lair:1)
  17 yaks
  2 fire bats (Volcano)
  4 fire elementals
  8 vampire mosquitoes
  6 wargs (Orc:2)
  Edmund (D:4)
  2 soldier ants
  15 swamp worms
  2 hell hounds
  An acid dragon (D:14)
  5 swamp drakes
  13 water moccasins
  5 ice beasts
  A hornet zombie (D:12)
  26 orc warriors
  5 sky beasts
  2 eyes of draining
  2 phantoms
  3 black bears
  A necrophage (D:12)
  28 ogres
  18 wolves
  6 centaurs
  An elf zombie (Ossuary)
  2 big kobolds
  A wyvern zombie (D:14)
  22 bullfrogs
  A gnoll sergeant (D:8)
  A water moccasin zombie (D:8)
  6 scorpions
  3 wights (D:9)
  4 howler monkeys
  10 lava snakes
  6 centaur zombies
  8 orc priests
  22 jellies
  2 gnoll shamans (D:8)
  12 hounds
  23 orc wizards
  4 centaur skeletons
  Jessica (D:3)
  2 iguanas
  4 hell rats (Lair:5)
  19 worker ants
  2 killer bee zombies
  A big kobold zombie (Ossuary)
  A hound zombie (D:6)
  A hound skeleton (D:10)
  2 mummies (Ossuary)
  19 gnolls
  15 adders
  A shadow imp (D:8)
  6 white imps
  An ufetubus (D:9)
  11 oozes
  4 adder skeletons
  An adder zombie (Ossuary)
  A worm (D:5)
  14 leopard geckos
  87 orcs
  A ball python (D:3)
  7 giant cockroaches
  10 hobgoblins
  10 jackals
  5 quokkas
  7 bats
  4 frilled lizards
  9 goblins
  14 hobgoblin zombies (Ossuary)
  A jackal skeleton (D:5)
  A jackal zombie (Ossuary)
  19 kobolds
  7 kobold zombies (Ossuary)
  9 orc zombies (Ossuary)
  A quokka zombie (D:8)
  4 rats
  2 rat zombies (D:6)
  A butterfly (D:6)
824 creatures vanquished.

Vanquished Creatures (collateral kills)
  Gastronok (D:11)
  Kirke (Lair:6)
  An ironheart preserver (D:13)
  A bunyip (Swamp:1)
  Azrael (D:12)
  2 eleionomae
  Harold (Orc:1)
  2 hydras
  A boulder beetle (D:12)
  An ogre mage (D:15)
  2 alligators
  A tengu warrior (D:15)
  3 death yaks (Lair:5)
  9 two-headed ogres
  A deep troll (D:15)
  2 bog bodies
  An ugly thing (D:14)
  A black mamba (Lair:4)
  A will-o-the-wisp (Swamp:2)
  3 elephants (Lair:6)
  2 yaktaurs (D:15)
  6 komodo dragons
  A red devil (Volcano)
  A freezing wraith (D:11)
  3 trolls
  A tyrant leech (Swamp:1)
  5 blink frogs (Lair:2)
  2 dream sheep (Lair:5)
  Sigmund (D:6)
  A wraith (Orc:2)
  A basilisk (Lair:1)
  17 yaks
  A soldier ant (D:13)
  2 swamp worms
  3 water moccasins
  A sky beast (D:15)
  4 orc warriors (Orc:2)
  2 ice beasts
  12 ogres
  16 wolves
  3 bullfrogs
  A scorpion (D:8)
  A jelly (Lair:1)
  A human zombie (Ossuary)
  An orc priest (D:9)
  An orc wizard (D:9)
  2 worker ants
  A big kobold zombie (Ossuary)
  2 gnolls (D:8)
  3 oozes (Lair:1)
  A dart slug (D:4)
  8 orcs
143 creatures vanquished.

Vanquished Creatures (others)
  A cyclops (D:12)
  A centaur skeleton (D:12)
  2 bloated husks
  A shadow (D:11)
  A human (D:2)
  An orc (D:13)
  4 foxfires
  47 fungi
  95 plants
153 creatures vanquished.

Grand Total: 1120 creatures vanquished

Notes
Turn   | Place    | Note
-------+----------+-------------------------------------------
     0 | Abyss:1  | Strat the Demonspawn Abyssal Knight began the quest for the
                  | Orb.
     0 | Abyss:1  | Reached XP level 1. HP: 18/18 MP: 2/2
     6 | D:1      | Escaped the Abyss
   124 | D:1      | Reached skill level 2 in Maces & Flails
   137 | D:1      | You fall into a shaft and drop 1 floor!
   209 | D:2      | Gained mutation: A weak demonic guardian rushes to your
                  | aid. [demonic ancestry]
   209 | D:2      | Reached XP level 2. HP: 22/24 MP: 3/3
   599 | D:1      | Reached ** piety under Lugonu
   654 | D:1      | Reached XP level 3. HP: 21/29 MP: 4/4
   964 | D:1      | Reached skill level 3 in Maces & Flails
  1296 | D:2      | Found a basalt altar of Yredelemnul.
  1374 | D:2      | Found an ancient bone altar of Kikubaaqudgha.
  1439 | D:2      | Noticed a human
  1441 | D:2      | Killed a human
  1608 | D:2      | Found an iron altar of Okawaru.
  1688 | D:2      | Found a sacrificial altar of Ru.
  1719 | D:2      | Found a glowing golden altar of the Shining One.
  2125 | D:3      | Gained mutation: You have a pair of small antennae on your
                  | head. [demonic ancestry]
  2125 | D:3      | Reached XP level 4. HP: 37/37 MP: 5/5
  2209 | D:3      | Noticed an ogre
  2354 | D:3      | Killed an ogre
  2355 | D:3      | Reached skill level 4 in Maces & Flails
  2355 | D:3      | Gained mutation: You have a pair of antennae on your head.
                  | [demonic ancestry]
  2355 | D:3      | Reached XP level 5. HP: 42/42 MP: 6/6
  2532 | D:3      | Noticed Jessica
  2543 | D:3      | Killed Jessica
  4261 | D:4      | Found a snail-covered altar of Cheibriados.
  4337 | D:4      | Noticed Edmund
  4353 | D:4      | Killed Edmund
  4354 | D:4      | Reached skill level 5 in Maces & Flails
  4354 | D:4      | Gained mutation: You have sharp fingernails. [demonic
                  | ancestry]
  4354 | D:4      | Reached XP level 6. HP: 46/49 MP: 7/7
  5071 | D:4      | Reached skill level 5 in Fighting
  5317 | D:4      | Found an ornate altar of the Wu Jian Council.
  5380 | D:4      | Gained mutation: You have very sharp fingernails. [demonic
                  | ancestry]
  5380 | D:4      | Reached XP level 7. HP: 33/56 MP: 8/8
  5564 | D:4      | Reached skill level 6 in Maces & Flails
  5795 | D:4      | Found a blossoming altar of Fedhas.
  5888 | D:5      | Entered Level 5 of the Dungeon
  5979 | D:5      | Reached *** piety under Lugonu
  6132 | D:5      | Reached skill level 7 in Maces & Flails
  6720 | D:5      | Gained mutation: A demonic guardian rushes to your aid.
                  | [demonic ancestry]
  6720 | D:5      | Reached XP level 8. HP: 62/62 MP: 9/9
  6743 | D:5      | Reached skill level 8 in Maces & Flails
  6743 | D:5      | Found an opulent altar of Gozag.
  7172 | D:6      | Found a stormy altar of Qazlal.
  7172 | D:6      | Noticed an oklob plant
  7455 | D:6      | Reached **** piety under Lugonu
  7518 | D:6      | Found a sand-covered staircase.
  7536 | Ossuary  | Entered an ossuary
  7872 | Ossuary  | Reached skill level 9 in Maces & Flails
  8057 | D:6      | Noticed Sigmund
  8065 | D:6      | Killed Sigmund
  8087 | D:6      | Reached ***** piety under Lugonu
  8189 | D:6      | Found a shimmering altar of Xom.
  8223 | D:6      | Found a staircase to the Ecumenical Temple.
  8266 | D:6      | Found Punk's Jewellery Emporium.
  8324 | D:6      | Found a runed translucent gate.
  8324 | D:6      | Found a runed translucent gate.
  8325 | D:6      | Found a runed translucent gate.
  8329 | D:6      | Noticed Gadfly's ghost (novice DsMo)
  8537 | D:6      | Found a shimmering blue altar of Sif Muna.
  8543 | D:6      | Identified Sif Muna's Catalogue of Stones
  8549 | D:6      | Found a bloodstained altar of Trog.
  8557 | D:6      | Reached skill level 10 in Maces & Flails
  8933 | D:7      | Gained mutation: You have sharp toenails. [demonic
                  | ancestry]
  8933 | D:7      | Reached XP level 9. HP: 50/68 MP: 10/10
 10548 | D:8      | Paralysed by an orc for 2 turns
 12192 | D:9      | Reached ****** piety under Lugonu
 12286 | D:8      | Gained mutation: You have claws for hands. [demonic
                  | ancestry]
 12286 | D:8      | Reached XP level 10. HP: 63/79 MP: 11/11
 12387 | D:9      | Reached skill level 5 in Armour
 12475 | D:9      | Reached skill level 11 in Maces & Flails
 12738 | D:9      | Found a staircase to the Lair.
 12942 | D:9      | Found a staircase to the Orcish Mines.
 13130 | D:9      | Found an ancient bone altar of Kikubaaqudgha.
 13341 | D:9      | Found a bloodstained altar of Trog.
 13449 | D:9      | Found a hazy altar of Hepliaklqana.
 13753 | D:10     | Entered Level 10 of the Dungeon
 14082 | D:10     | Found Liguvioczy's General Store.
 14279 | D:10     | Got a spiked scale mail
 14290 | D:10     | Identified the +6 scale mail "Laresiepp" {rPois rC++ Int+3}
                  | (You found it on level 10 of the Dungeon)
 14571 | D:10     | Noticed a two-headed ogre
 14581 | D:10     | Killed a two-headed ogre
 14629 | D:10     | Gained mutation: You sometimes gain a little power by
                  | taking damage. [demonic ancestry]
 14629 | D:10     | Reached XP level 11. HP: 74/89 MP: 12/12
 15079 | D:11     | Reached skill level 12 in Maces & Flails
 15149 | D:11     | Identified the +8 scimitar of Chance {venom, rPois rN+
                  | Str-4}
 15158 | D:11     | Noticed a deep elf mage
 15481 | D:11     | Noticed a two-headed ogre
 15488 | D:11     | Killed a two-headed ogre
 15601 | D:11     | Noticed Gastronok
 15798 | D:11     | Killed a deep elf mage
 15831 | D:11     | Reached skill level 10 in Fighting
 16457 | D:12     | Noticed a two-headed ogre
 16473 | D:12     | Killed a two-headed ogre
 16502 | D:12     | Noticed a two-headed ogre
 16615 | D:12     | Noticed a brown ugly thing
 16629 | D:11     | Killed a two-headed ogre
 16886 | D:12     | Noticed Azrael
 16960 | D:11     | Killed Gastronok
 16961 | D:11     | Reached skill level 13 in Maces & Flails
 17090 | Lair:1   | Entered Level 1 of the Lair of Beasts
 17094 | Lair:1   | Noticed a four-headed hydra
 17102 | Lair:1   | Killed a four-headed hydra
 17664 | Lair:1   | Reached skill level 14 in Maces & Flails
 17911 | Lair:1   | Reached XP level 12. HP: 97/97 MP: 13/15
 17936 | Lair:1   | Reached skill level 5 in Invocations
 18077 | Lair:1   | Found the +1 cloak of Starlight {*Dazzle EV+4 Stlth--}
 19250 | Lair:2   | Found a runed translucent gate.
 19250 | Lair:2   | Found a runed translucent gate.
 19250 | Lair:2   | Found a runed translucent gate.
 19250 | Lair:2   | Noticed XxsatanxX's ghost (journeyman TrMo)
 20209 | Lair:3   | Found a sacrificial altar of Ru.
 20313 | Lair:3   | Noticed Sonja
 20353 | Lair:3   | Reached skill level 10 in Invocations
 20935 | Lair:3   | Killed Sonja
 21013 | Lair:3   | Noticed an eight-headed hydra
 21017 | Lair:3   | Killed an eight-headed hydra
 22599 | Lair:4   | Noticed a seven-headed hydra
 22612 | Lair:4   | Killed a seven-headed hydra
 22793 | Lair:4   | Noticed a six-headed hydra
 23076 | Lair:4   | Noticed a five-headed hydra
 23088 | Lair:4   | Gained mutation: You have razor-sharp toenails. [demonic
                  | ancestry]
 23088 | Lair:4   | Reached XP level 13. HP: 94/103 MP: 23/23
 23707 | Lair:4   | Found a staircase to the Swamp.
 23817 | Lair:4   | Found a staircase to the Snake Pit.
 24349 | Lair:4   | HP: 5/103 [black mamba (8)]
 25615 | Lair:5   | Reached skill level 15 in Invocations
 26128 | Lair:6   | Entered Level 6 of the Lair of Beasts
 26425 | Lair:6   | Reached skill level 10 in Armour
 26425 | Lair:6   | Reached skill level 1 in Dodging
 27215 | Lair:6   | Noticed Kirke
 27218 | Lair:6   | Reached XP level 14. HP: 111/111 MP: 25/25
 27232 | Lair:6   | Killed Kirke
 27294 | Lair:6   | Found a staircase to the Slime Pits.
 28430 | Orc:1    | Entered Level 1 of the Orcish Mines
 28522 | Orc:1    | Found a dark tunnel.
 28654 | Volcano  | Entered a volcano
 29134 | Volcano  | Found a burning altar of Makhleb.
 29210 | Volcano  | Reached skill level 5 in Dodging
 29880 | Orc:2    | Entered Level 2 of the Orcish Mines
 29949 | Orc:2    | Found a staircase to the Elven Halls.
 30005 | Orc:2    | Found Venealin's Book Boutique.
 30291 | Orc:1    | Noticed Harold
 30296 | Orc:1    | Killed Harold
 31166 | Orc:2    | Found Ibrol's Antique Armour Emporium.
 31166 | Orc:2    | Found Epuyg's Distillery.
 31167 | Orc:2    | Found Gipo's Jewellery Boutique.
 31167 | Orc:2    | Found Oczuoch's Antique Weapon Shoppe.
 31212 | Orc:2    | Bought a potion of might for 52 gold pieces
 31214 | Orc:2    | Bought the ring of Vubuw {rElec rN+ AC+4} for 758 gold
                  | pieces
 31330 | Orc:2    | Noticed Maurice
 31342 | Orc:2    | Killed Maurice
 31447 | Orc:2    | Noticed Saint Roka
 32063 | Orc:2    | Noticed Josephine
 32376 | Orc:1    | Killed Josephine
 32543 | Orc:2    | Identified the amulet of Anahominn {Reflect rN+ Int-2 Dex+3
                  | SH+5}
 32543 | Orc:2    | Noticed an orc warlord
 32571 | Orc:2    | Killed an orc warlord
 32606 | Orc:2    | Noticed an orc warlord
 32812 | Orc:2    | Killed an orc warlord
 32813 | Orc:2    | Reached XP level 15. HP: 123/123 MP: 26/26
 32953 | Orc:2    | Identified the cursed +0 chain mail of the Kettle-Drum
                  | {Str+6} (You found it on level 2 of the Orcish Mines)
 33257 | D:12     | Found Ramu's Distillery.
 34432 | D:13     | Found a gate to the Vaults.
 35648 | D:14     | Noticed Snorg
 35663 | D:14     | Killed Snorg
 36823 | D:15     | Entered Level 15 of the Dungeon
 36849 | D:15     | Found a portal to a secret trove of treasure.
 36888 | D:15     | Identified a scroll of acquirement
 36888 | D:15     | Acquired a +0 eveningstar of draining
 36958 | D:15     | Reached skill level 10 in Dodging
 37347 | D:15     | Found a staircase to the Depths.
 37987 | D:12     | Killed Azrael
 38300 | Swamp:1  | Entered Level 1 of the Swamp
 38320 | Lair:4   | Reached skill level 15 in Maces & Flails
 38905 | Swamp:1  | Reached skill level 1 in Shields
 39360 | Swamp:1  | Reached XP level 16. HP: 133/133 MP: 27/27
 41205 | Swamp:3  | Reached skill level 5 in Shields
 42020 | Swamp:3  | Found a runed translucent gate.
 42020 | Swamp:3  | Found a runed translucent gate.
 42020 | Swamp:3  | Found a runed translucent gate.
 42021 | Swamp:3  | Noticed Jacimip's ghost (journeyman HaHu)
 42399 | Swamp:3  | Killed Jacimip's ghost
 42422 | Swamp:3  | Acquired 664 gold pieces
 42452 | Swamp:4  | Entered Level 4 of the Swamp
 42579 | Swamp:4  | Noticed Louise
 42763 | Swamp:4  | Reached skill level 16 in Maces & Flails
 42814 | Swamp:4  | Killed Louise
 43270 | Swamp:4  | Paralysed by a fenstrider witch for 6 turns
 43274 | Swamp:4  | Slain by a bunyip

Illustrated notes

Levels and vault maps discovered:
D:1:      lemuel_arrival_funnel, layout_basic
D:2:      layout_rooms, lemuel_doored_altar, grunt_temple_overflow_open,
          minivault_19, grunt_decor_clamped, tgw_kikubaaqudgha
D:3:      mumra_celtic_spiral_tile, layout_loops_corners,
          lexackson_kobold_supper, uniq_jessica
D:4:      layout_basic, fedhas_altar_4, nzn_wu_jian_contemplation,
          cheibriados_altar_1, uniq_edmund
D:5:      corexii_shack_village, layout_loops_ring, nicolae_gozag_seed_capital
D:6:      layout_loops_ring, nzn_overflow_gifts_of_might_and_magic,
          xom_butterflies, minmay_temple_entry_drinking_statues,
          gammafunk_ghost_split, serial_shops, shop, enter_ossuary_4,
          lemuel_oklob_altar, uniq_sigmund
D:7:      layout_basic
D:8:      minmay_bubble_buster, layout_cave_pools, serial_gnoll_camp,
          gnoll_camp_mini_hut, gnoll_camp_mini_basic, gnoll_camp_mini_loothouse,
          gnoll_camp_medium_02, st_stairs_9, chequers_serial_rivers_micro_b
D:9:      layout_irregular_city, kennysheep_mini, lemuel_crystal_altar,
          david_lair_shrubbed, hiddenorc1_lemuel, basic_altar
D:10:     layout_grid_maze, serial_shops, shop
D:11:     minmay_blocky_corners, layout_loops_ring, gauntlet_entry_generic,
          billiards_dpeg, uniq_gastronok
D:12:     layout_loops_ring, serial_shops, shop, uniq_azrael
D:13:     layout_cave_pools, skrybe_vaults_entry_preservation, minivault_27,
          kennysheep_generic_room_9
D:14:     layout_loops_corners, amcnicky_mini_rare_corridor_liquid, uniq_snorg
D:15:     hangedman_depths_entry_civil_slaughter, layout_gridville,
          enter_trove_2, minmay_curled_crystal
Lair:1:   lemuel_slime, layout_cave_pods, minmay_lair_oklob_bushes,
          beast_lair_carwin_4
Lair:2:   layout_cellular_growth, gammafunk_ghost_necromancy
Lair:3:   layout_small_grid, basic_altar, grunt_forest_large_clearings,
          uniq_sonja
Lair:4:   cheibrodos_magma_flow, layout_big_grid, swamp_mist_pool
Lair:5:   layout_roguey, lemuel_fruit_tree, infiniplex_staircase_pool_2
Lair:6:   gammafunk_lair_ancient_temple, layout_cave_shapes,
          minmay_slime_entry_jelly_boxes, uniq_kirke
Swamp:1:  layout_basic_swamp, evilmike_swamp_ruin_house_2
Swamp:2:  layout_basic_swamp, evilmike_swamp_ruin_wall, swamp_pool5,
          cheibrodos_swamp_pet_leeches
Swamp:3:  layout_falls_marsh, ebering_ghost_rock_garden,
          evilmike_swamp_ruin_house_5, swamp_pool3, nicolae_swamp_snake_nest,
          infiniplex_staircase_pool
Swamp:4:  swamp_old_school, layout_basic_swamp, uniq_louise
Orc:1:    layout_caves, enter_volcano_1, uniq_harold
Orc:2:    st_orc_ogre_mass, layout_caves, serial_shops, shop,
          minmay_orc_treasury, uniq_maurice, uniq_saint_roka, uniq_josephine

Skill      XL: |  1  2  3  4  5  6  7  8  9 10 11 12 13 14 15 16 |
---------------+-------------------------------------------------+-----
Maces & Flails | 2 3 4 5 7 10 11 14 15 16 | 16.0
Fighting       | 4 5 7 9 10 13 14 | 14.1
Armour         | 2 4 6 10 | 10.0
Invocations    | 4 13 15 | 15.7
Dodging        | 3 8 10 | 10.0
Shields        | 2 5 |  5.0

Action                   |  1- 3 |  4- 6 |  7- 9 | 10-12 | 13-15 | 16-18 || total
-------------------------+-------+-------+-------+-------+-------+-------++-------
Melee: Mace              |   150 |    50 |       |       |       |       ||   200
       Flail             |       |   101 |   596 |   856 |       |       ||  1553
       Kick              |       |       |    42 |   113 |       |       ||   155
       Dire flail        |       |       |       |     7 |  1207 |       ||  1214
       Eveningstar       |       |       |       |       |   206 |   410 ||   616
       Great mace        |       |       |       |       |   125 |       ||   125
Throw: Stone             |     6 |     3 |       |       |       |       ||     9
       Javelin           |       |     5 |       |       |       |       ||     5
       Boomerang         |       |     2 |       |     2 |       |     3 ||     7
       Dart              |       |     5 |     3 |       |       |       ||     8
       Throwing net      |       |       |     1 |       |       |       ||     1
Invok: Banish            |       |       |       |       |     5 |       ||     5
Evoke: Wand              |       |       |       |    18 |     3 |       ||    21
  Use: Scroll            |       |    10 |    10 |    13 |     6 |     7 ||    46
       Potion            |       |       |     2 |     3 |     9 |       ||    14
 Stab: Distracted        |       |       |     1 |     5 |     7 |       ||    13
       Held in net/web   |       |       |     1 |       |       |       ||     1
       Paralysed         |       |       |       |     5 |     4 |       ||     9
       Invisible         |       |       |       |    15 |    58 |    19 ||    92
Armor: Leather armour    |     5 |       |       |       |       |       ||     5
       Ring mail         |    73 |    57 |   196 |    35 |       |       ||   361
       Scale mail        |       |       |       |   163 |   282 |    83 ||   528
       Chain mail        |       |       |       |     9 |       |       ||     9
Dodge: Dodged            |   108 |    90 |   398 |   590 |  1067 |   243 ||  2496
Block: Other             |       |       |       |       |   171 |       ||   171
       Reflection        |       |       |       |       |    20 |     4 ||    24
       Buckler           |       |       |       |       |    97 |   172 ||   269
